 Dungeon Crawl Stone Soup version 0.26-a0-651-gb41185065b (webtiles) character file.

Game seed: 5536983229312990646

(classic levelgen) 15 EnegeticOcto the Sneak (level 2, 0/27 HPs)
             Began as a Deep Dwarf Delver on Oct 24, 2020.
             Slain by a howler monkey (2 damage)
             ... on level 4 of the Dungeon.
             The game lasted 00:00:20 (62 turns).

EnegeticOcto the Sneak (Deep Dwarf Delver)            Turns: 62, Time: 00:00:20

Health: 0/27       AC:  3    Str: 15    XL:     2   Next: 34%
Magic:  2/2        EV: 12    Int: 10    God:
Gold:   28         SH:  0    Dex: 14    Spells: 1/1 levels left

rFire    . . .     SeeInvis .   a - +0 hand axe
rCold    . . .     Faith    .   (no shield)
rNeg     . . .     Spirit   .   b - +0 leather armour
rPois    .         Reflect  .   (no helmet)
rElec    .         Harm     .   (no cloak)
rCorr    .         Rampage  .   (no gloves)
MR       .....                  (no boots)
Stlth    +++.......             (no amulet)
HPRegen  0.00/turn              (no ring)
MPRegen  0.08/turn              (no ring)

@: non-regenerating
A: damage resistance, heal wounds, sense surroundings 1, no regeneration
a: Heal Wounds


You were on level 4 of the Dungeon.
You visited 1 branch of the dungeon, and saw 2 of its levels.

You collected 28 gold pieces.

Inventory:

Hand Weapons
 a - a +0 hand axe (weapon)
Armour
 b - a +0 leather armour (worn)
Wands
 g - a wand of digging (3) {@v3}
Scrolls
 c - a scroll of fog
 d - a scroll of magic mapping {@r5}
 e - a scroll of fear
 h - 2 scrolls of remove curse {unknown}
Potions
 f - 2 potions of haste {@q4}


   Skills:
 + Level 2.9 Fighting
 + Level 2.5 Axes
 + Level 2.5 Dodging
 + Level 6.2 Stealth


You had one spell level left.
You didn't know any spells.
Your spell library was empty.

Dungeon Overview and Level Annotations

Branches:
Dungeon (5/15)
 Temple: D:4-7

Altars:

Shops:
D:4 ?


Innate Abilities, Weirdness & Mutations

You are resistant to damage.
You can heal yourself by infusing magical energy.
You passively map a small area around you.
You do not regenerate.


Message History

Welcome, EnegeticOcto the Deep Dwarf Delver.
Will you prevail where others failed? Will you find the Orb of Zot?
Press ? for a list of commands and other information.
Found 14 gold pieces and a leather armour.
Found a stone staircase leading down and a stone staircase leading up.
Found a scroll labeled LAKKAF HIUPOJOREU and 23 stones.
You now have 14 gold pieces.
h - a scroll labeled LAKKAF HIUPOJOREU A quokka comes into view.
Found 3 stones.
There is a stone staircase leading up here.
You climb upwards.
Found a scroll labeled LAKKAF HIUPOJOREU.
There is a stone staircase leading down here.
Found a potion of haste.
Found Kefowor's Magic Scroll Shop.
A dart slug comes into view.
The dart slug closely misses you.
There is an entrance to Kefowor's Magic Scroll Shop here.
You hit the dart slug.
The dart slug is moderately wounded.
You hit the dart slug.
The dart slug is severely wounded.
The dart slug barely misses you.
You hit the dart slug.
The dart slug is almost dead.
The dart slug completely misses you.
You hit the dart slug but do no damage.
The dart slug is almost dead.
The dart slug bites you but does no damage.
You hit the dart slug.
You kill the dart slug!
f - 2 potions of haste {@q4} (gained 1)
Found 27 stones.
h - 2 scrolls labeled LAKKAF HIUPOJOREU (gained 1)
A hound skeleton comes into view.
Found 14 gold pieces.
Found a robe.
You see here 14 gold pieces.
You now have 28 gold pieces (gained 14).
A howler monkey comes into view.
The hound skeleton closely misses you. The hound skeleton bites you.
You barely miss the hound skeleton. The hound skeleton barely misses you.
You hit the hound skeleton.
The hound skeleton is lightly damaged.
The hound skeleton bites you but does no damage.
An iguana comes into view.
The hound skeleton closely misses you.
You barely miss the hound skeleton.
The hound skeleton is lightly damaged.
The hound skeleton bites you.
The iguana hisses angrily.
You hit the hound skeleton.
The hound skeleton is heavily damaged.
You hear a howl!
The hound skeleton bites you. The hound skeleton barely misses you.
You slash the hound skeleton!
The hound skeleton is almost destroyed.
The hound skeleton bites you.
The howler monkey hoots and howls with incredible vigour!
You hear a shout!
You hear an angry hiss.
You hear a shout!
You barely miss the hound skeleton.
The hound skeleton is almost destroyed.
The hound skeleton bites you but does no damage.
A quokka comes into view.
The hound skeleton bites you but does no damage.
You hit the hound skeleton.
The hound skeleton is almost destroyed.
The hound skeleton bites you but does no damage.
You hit the hound skeleton.
You destroy the hound skeleton!
You have reached level 2!
You barely miss the iguana. The iguana bites you! The iguana bites you.
* * * LOW HITPOINT WARNING * * *
The howler monkey hits you. The iguana barely misses you.
The howler monkey hits you.
* * * LOW HITPOINT WARNING * * *
The iguana barely misses you.
A hound comes into view.
The howler monkey barely misses you.
The quokka bites you but does no damage.
The iguana bites you.
* * * LOW HITPOINT WARNING * * *
The howler monkey hits you. The quokka bites you. The iguana barely misses you.
The howler monkey closely misses you. The quokka closely misses you.
The howler monkey hits you.
You die...

##.....#### *,
##>......###*
###.#.....## * *
#..#.....# * *
##.##....# # *, ,
#.###...###.### , ,
####..###....#...#..
#.....#..(..........
#..........@l..h....
#..........rh.......
,
#....#..............
#....##.........#.#.
#######.#......## #*
#..####...., ##.#
.[##. , #.. #.# , ,
*


You could see a howler monkey, an iguana, a hound and a quokka.

Vanquished Creatures
  A hound skeleton (D:4)
  A dart slug (D:4)
2 creatures vanquished.

Notes
Turn   | Place    | Note
-------+----------+-------------------------------------------
     0 | D:5      | EnegeticOcto the Deep Dwarf Delver began the quest for the
                  | Orb.
     0 | D:5      | Reached XP level 1. HP: 20/20 MP: 1/1
    10 | D:4      | Found Kefowor's Magic Scroll Shop.
    48 | D:4      | Noticed a howler monkey
    51 | D:4      | Noticed an iguana
    57 | D:4      | Reached XP level 2. HP: 22/27 MP: 2/2
    62 | D:4      | Slain by a howler monkey

Illustrated notes

Levels and vault maps discovered:
D:4:      layout_rooms, grunt_temple_overflow_growth_and_decay, serial_shops,
          nicolae_shop_trees, fedhas_ov_isle_minmay
D:5:      layout_loops_ring, grunt_temple_overflow_diamond,
          minmay_temple_entry_mini_moons, hex_large, trog_book, uniq_menkaure,
          uniq_pikel

Action                   || total
-------------------------++-------
Melee: Hand axe          ||    13
Armor: Leather armour    ||     6
Dodge: Dodged            ||    13

Table legend: (Time is in decaauts)
 A = Elapsed time spent in this place.
 B = Non-inter-level travel time spent in this place.
 C = Inter-level travel time spent in this place.
 D = Time resting spent in this place.
 E = Time spent auto-exploring this place.
 F = Levels seen in this place.
 G = Mean time per level.
                   A        B        C        D        E       F      G
               +--------+--------+--------+--------+--------+-----+--------+
         Total |     64 |     64 |      0 |      0 |      0 |   2 |   32.0 |
       Dungeon |     64 |     64 |      0 |      0 |      0 |   2 |   32.0 |
               +--------+--------+--------+--------+--------+-----+--------+

Top non-repeatable levels by time:
     D:4: 55 daAuts
     D:5: 9 daAuts
